 Dungeon Crawl Stone Soup version 0.19-a0-1773-gaa448fe (webtiles) character file.

9 taqueso the Insei (level 2, 0/24 HPs)
             Began as a Demonspawn Monk on Oct 16, 2016.
             Slain by a jackal (2 damage)
             ... on level 2 of the Dungeon.
             The game lasted 00:00:43 (121 turns).

taqueso the Insei (Demonspawn Monk)                  Turns: 121, Time: 00:00:44

Health: 0/24       AC:  2    Str: 11    XL:     2   Next: 3%
Magic:  2/2        EV: 13    Int: 11    God:
Gold:   11         SH:  0    Dex: 15    Spells: 0 memorised, 1 level left

rFire  . . .     SeeInvis .       - Unarmed
rCold  . . .     Gourm    .     a - +0 robe
rNeg   . . .     Faith    .     (no shield)
rPois  .         Spirit   .     (helmet restricted)
rElec  .         Dismiss  .     (no cloak)
rCorr  .         Reflect  .     (no gloves)
MR     .....     Harm     .     (no boots)
Stlth  ++........               (no amulet)
                                (no ring)
                                (no ring)

@: flying
A: antennae 1
a: no special abilities


You were on level 2 of the Dungeon.
You were not hungry.

You visited 1 branch of the dungeon, and saw 2 of its levels.

You collected 11 gold pieces.

Inventory:

Hand Weapons
 d - a +0 club
   (You took it off a hobgoblin on level 1 of the Dungeon)
Armour
 a - a +0 robe (worn)
Comestibles
 b - a bread ration {@e1}
 c - 3 chunks of flesh {@w0}


   Skills:
 - Level 3.0 Fighting
 - Level 2.6 Dodging
 - Level 1.7 Stealth
 * Level 3.2 Unarmed Combat


You had one spell level left.
You didn't know any spells.

Dungeon Overview and Level Annotations

Branches:
Dungeon (1/15)

Altars:


Innate Abilities, Weirdness & Mutations

You have a pair of small antennae on your head.


Message History

The jackal barks!
The hobgoblin misses you. The quokka closely misses you.
A jackal comes into view.
You barely miss the hobgoblin.
The hobgoblin hits you but does no damage.
The quokka misses you.
The jackal moves out of view.
You barely miss the hobgoblin.
The quokka bites you but does no damage.
The hobgoblin closely misses you.
A jackal comes into view.
The jackal barks!
You hit the hobgoblin.
You kill the hobgoblin!
The quokka misses you.
The jackal barks!
You hit the quokka. The jackal bites you.
The quokka bites you but does no damage.
The jackal bites you. The quokka barely misses you.
You take 4 damage, and have 14/18 hp.
MASSIVE DAMAGE!!
The quokka bites you but does no damage.
The jackal bites you but does no damage.
A jackal comes into view.
You closely miss the jackal.
The jackal barks!
The jackal bites you.
You take 2 damage, and have 12/18 hp.
You hit the jackal. The jackal closely misses you.
You hit the jackal but do no damage.
The jackal bites you but does no damage.
You hit the quokka but do no damage.
The quokka bites you but does no damage.
The jackal misses you.
You hit the quokka. The quokka bites you. The jackal barely misses you.
A kobold comes into view. It is wielding a whip.
You take 1 damage, and have 11/18 hp.
The kobold shouts!
You hit the quokka.
You kill the quokka!
Your Unarmed Combat skill increases to level 3!
The jackal barely misses you.
You barely miss the jackal.
The jackal bites you but does no damage.
The jackal closely misses you. The jackal barely misses you.
The jackal bites you but does no damage.
You barely miss the jackal. You closely miss the jackal.
You closely miss the jackal. The jackal closely misses you.
You hit the jackal. The jackal barely misses you. The jackal bites you.
The jackal barely misses you.
You take 1 damage, and have 10/18 hp.
You hit the jackal. The jackal misses you. The jackal bites you.
The jackal barely misses you.
You take 1 damage, and have 9/18 hp.
You barely miss the jackal. The jackal completely misses you.
The jackal closely misses you.
You hit the jackal.
You kill the jackal!
The jackal misses you. The jackal closely misses you.
You hit the jackal.
You kill the jackal!
The jackal bites you.
You take 2 damage, and have 7/18 hp.
You hit the jackal but do no damage. The jackal barely misses you.
The jackal closely misses you.
You barely miss the jackal. The jackal closely misses you.
The jackal barely misses you. x2
You hit the jackal. The jackal barely misses you.
The jackal completely misses you.
The jackal bites you but does no damage.
You closely miss the jackal. The jackal misses you.
The jackal barely misses you.
You closely miss the jackal. The jackal closely misses you.
The jackal barely misses you.
The jackal bites you but does no damage. x2
You closely miss the jackal. The jackal closely misses you.
The jackal misses you.
It was a potion of flight.
You feel very buoyant.
You fly up into the air.
The jackal bites you. x2
* * * LOW HITPOINT WARNING * * *
The jackal bites you.
* * * LOW HITPOINT WARNING * * *
You take 5 damage, and have 2/18 hp.
MASSIVE DAMAGE!!
You are too injured to fight recklessly!
You are too injured to fight recklessly!
You are too injured to fight recklessly!
You are too injured to fight recklessly!
You are too injured to fight recklessly!
You are too injured to fight recklessly!
You hit the jackal but do no damage. Your punch misses the jackal.
The jackal misses you. The jackal closely misses you.
You hit the jackal.
You kill the jackal!
You have reached level 2!
Your demonic ancestry asserts itself...
A pair of antennae grows on your head! The jackal bites you.
You die...

#.......
#.....K## .#
#......% .#
#......####.#
#.......)...# ..
#.......#...###.
#####.#†#...#...
#.#K.h..+...
#.###@..#..#
#...#...#..#
###.#####..# #.#
#..#### #.#
#.....# #.#
##.##.# #.#
#.##.#
#.######.##.#
#........##.#


You could see a jackal and a kobold.

Vanquished Creatures
  2 hobgoblins
  3 jackals (D:2)
  A quokka (D:2)
  A frilled lizard (D:1)
7 creatures vanquished.

Notes
Turn   | Place    | Note
-------+----------+-------------------------------------------
     0 | D:1      | taqueso the Demonspawn Monk began the quest for the Orb.
     0 | D:1      | Reached XP level 1. HP: 18/18 MP: 1/1
    62 | D:1      | You fall through a shaft!
   102 | D:2      | Reached skill level 3 in Unarmed Combat
   119 | D:2      | HP: 3/18 [jackal (3)]
   121 | D:2      | Gained mutation: You have a pair of small antennae on your head. [demonic ancestry]
   121 | D:2      | Reached XP level 2. HP: 2/24 MP: 2/2
   121 | D:2      | Slain by a jackal

Vault maps used:
D:1:      minmay_arrival_cross

Skill      XL: |  1 |
---------------+----+-----
Unarmed Combat | 3 |  3.2
Fighting       | |  3.0
Dodging        | |  2.6
Stealth        | |  1.7

Action                   || total
-------------------------++-------
Melee: Unarmed           ||    34
  Use: Potion            ||     1
 Stab: Sleeping          ||     1
Armor: Robe              ||    13
Dodge: Dodged            ||    37

Vault maps used:
D:1:      minmay_arrival_cross

Table legend:
 A = Turns spent in this place as a percentage of turns spent in the entire game.
 B = Non-inter-level travel turns spent in this place as a percentage of non-inter-level travel turns spent in the entire game.
 C = Inter-level travel turns spent in this place as a percentage of turns spent in this place.
 D = Turns resting spent in this place as a percentage of non-inter-level travel turns spent in this place.
 E = Turns spent auto-exploring this place as a percentage of non-inter-level travel turns spent in this place.
 F = Non-inter-level travel turns spent in this place divided by the number of levels of this place that you've seen.
                   A       B       C       D       E      F
               +-------+-------+-------+-------+-------+----------------------
         Total | 100.0 | 100.0 |   0.0 |   0.0 |   7.6 |  33.0
       Dungeon | 100.0 | 100.0 |   0.0 |   0.0 |   7.6 |  33.0
               +-------+-------+-------+-------+-------+----------------------

Table legend:
 A = Kills in this place as a percentage of kills in entire the game.
 B = Kills by you in this place as a percentage of kills by you in the entire game.
 C = Kills by friends in this place as a percentage of kills by friends in the entire game.
 D = Other kills in this place as a percentage of other kills in the entire game.
 E = Experience gained in this place as a percentage of experience gained in the entire game.
 F = Experience gained in this place divided by the number of levels of this place that you have seen.
                   A       B       C       D       E      F
               +-------+-------+-------+-------+-------+----------------------
         Total | 100.0 | 100.0 |  -nan |  -nan | 100.0 |   6.5
       Dungeon | 100.0 | 100.0 |  -nan |  -nan | 100.0 |   6.5
               +-------+-------+-------+-------+-------+----------------------
